 Dungeon Crawl Stone Soup version 0.30-a0-596-g0af90f9a20 (webtiles) character file.

Game seed: 16014814141561844950

1656 drugrobin the Martial Artist (level 8, -1/66 HPs)
             Began as a Demigod Delver on Jan 7, 2023.
             Slain by a killer bee (7 damage)
             ... on level 6 of the Dungeon.
             The game lasted 00:20:02 (7305 turns).

drugrobin the Martial Artist (Demigod Delver)       Turns: 7305, Time: 00:20:03

Health: -1/66      AC:  7    Str: 17    XL:     8   Next: 41%
Magic:  9/10       EV: 12    Int: 12    God:
Gold:   230        SH:  5    Dex: 19    Spells: 1/7 levels left

rFire   . . .      SeeInvis +    b - +0 dagger (venom)
rCold   + . .      Faith    .    (no shield)
rNeg    + . .      Spirit   .    r - +1 robe {rC+}
rPois   .          Reflect  +    M - +0 helmet
rElec   .          Harm     .    B - +0 cloak
rCorr   .          Rampage  .    y - +0 pair of gloves
Will    .....                    F - +0 pair of boots
Stlth   +++                      i - amulet of reflection
HPRegen 0.31/turn                j - ring of see invisible
MPRegen 0.12/turn                p - ring of positive energy

@: lethally poisoned (-1 -> -4)
A: high MP 1, forlorn, divine attributes
a: no special abilities


You were on level 6 of the Dungeon.
You visited 1 branch of the dungeon, and saw 7 of its levels.

You collected 230 gold pieces.

Inventory:

Hand Weapons
 b - a +0 dagger of venom (weapon)
 c - the +5 spear "Weotsoss" {holy, Drain rF+++ Str+5}
   (You found it on level 2 of the Dungeon)

   Str:       It affects your strength (+5).
   rF:        It renders you almost immune to fire.
   Drain:     It drains your maximum health when unequipped.
 d - a +0 sling
Missiles
 e - 14 poisoned darts (quivered)
Armour
 a - a +0 leather armour
 r - a +1 robe of cold resistance (worn)
 x - a +2 chain mail of poison resistance
 y - a +0 pair of gloves (worn)
 B - a +0 cloak (worn)
 F - a +0 pair of boots (worn)
 M - a +0 helmet (worn)
Magical Staves
 D - a staff of fire
 E - a staff of poison
Jewellery
 i - an amulet of reflection (around neck)
 j - a ring of see invisible (left hand)
 p - a ring of positive energy (right hand)
 w - a ring of resist corrosion
Wands
 f - a wand of digging (2)
Scrolls
 h - a scroll of fog
 k - a scroll of fear
 l - 5 scrolls of identify {unknown}
 s - a scroll of magic mapping
 z - a scroll of immolation {unknown}
 C - a scroll of amnesia {unknown}
 H - a scroll of blinking {unknown}
 I - a scroll of torment {unknown}
 J - a scroll of enchant weapon {unknown}
 K - a scroll of teleportation {unknown}
 N - a scroll of poison {unknown}
Potions
 g - 3 potions of might
 m - 3 potions of degeneration {unknown}
 n - a potion of mutation {unknown}
 o - 2 potions of cancellation {unknown}
 q - a potion of attraction {unknown}
 t - a potion of invisibility {unknown}
 u - 2 potions of curing
 v - a potion of lignification {unknown}
 A - a potion of heal wounds {unknown}
 G - a potion of brilliance {unknown}
 L - a potion of resistance {unknown}


   Skills:
 + Level 3.6 Fighting
 - Level 2.0 Dodging
 - Level 4.6 Stealth
 + Level 9.4 Unarmed Combat
 + Level 2.8 Earth Magic


You had one spell level left.
You knew the following spells:

 Your Spells              Type           Power      Damage    Failure   Level
a - Foxfire               Conj/Fire      0%         2x1d4     32%         1
b - Blink                 Tloc           0%         N/A       45%         2
c - Stone Arrow           Conj/Erth      6%         3d7       50%         3

Your spell library contained the following spells:

 Spells                   Type           Power      Damage    Failure   Level
 Passwall                 Tmut/Erth      2%         N/A       28%         2
 Ensorcelled Hibernation  Hex/Ice        0%         N/A       45%         2
 Momentum Strike          Conj/Tloc      0%         3d8       45%         2
 Static Discharge         Conj/Air       0%         2-2/arc   45%         2
 Inner Flame              Hex/Fire       0%         N/A       69%         3
 Lesser Beckoning         Tloc           0%         N/A       69%         3
 Swiftness                Air            0%         N/A       69%         3
 Vhi's Electric Charge    Tloc/Air       0%         N/A       69%         3
 Animate Armour           Summ/Erth      6%         N/A       88%         4
 Leda's Liquefaction      Hex/Erth       1%         N/A       88%         4
 Lee's Rapid Deconstruct  Erth           3%         3d5*      96%         5
 Cause Fear               Hex            0%         N/A       97%         4
 Arcjolt                  Conj/Air       0%         1d10      100%        5
 Fireball                 Conj/Fire      0%         3d3       100%        5
 Lightning Bolt           Conj/Air       0%         1d11      100%        5
 Starburst                Conj/Fire      0%         6d3       100%        6
 Statue Form              Tmut/Erth      2%         N/A       100%        6
 Discord                  Hex            0%         N/A       100%        8
 Lehudib's Crystal Spear  Conj/Erth      1%         10d2      100%        8


Dungeon Overview and Level Annotations

Branches:
Dungeon (7/15)
 Temple: D:4-7


Innate Abilities, Weirdness & Mutations

You have an increased reservoir of magic. (+10% MP)
You shall have no god before yourself.
Your divine heritage dramatically boosts your attributes as you level up.


Message History

Unknown command.
Okay, then.
Unknown command.
You closely miss the killer bee.
The killer bee is moderately wounded.
You feel sick. The killer bee closely misses you. x2
Unknown command.
Unknown command.
You feel better. The killer bee closely misses you.
The killer bee barely misses you.
Unknown command.
Unknown command.
You miss the killer bee.
The killer bee is severely wounded.
You kill the killer bee!
The killer bee barely misses you.
You hit the killer bee.
The killer bee is lightly wounded.
The killer bee barely misses you. You block the killer bee's attack.
You barely miss the killer bee.
The killer bee is lightly wounded.
The killer bee closely misses you. You block the killer bee's attack.
You hit the killer bee but do no damage.
The killer bee is lightly wounded.
The killer bee stings you.
* * * LOW HITPOINT WARNING * * *
You are poisoned.
The killer bee poisons you! The killer bee stings you.
* * * LOW HITPOINT WARNING * * *
Unknown command.
Unknown command.
You hit the killer bee.
The killer bee is poisoned.
The killer bee is moderately wounded.
You feel sick. The killer bee closely misses you. x2
Unknown command.
Unknown command.
You miss the killer bee.
The killer bee is moderately wounded.
You feel sick. The killer bee stings you!
You die...

.........#######....## #.#
...............#..### #.#
..........####.#..# #.#
..........# #.#..# #.#
........>.# #.#.## ###.####
#######'#.# #.#.#######
#......# #.#.#
#.#>......###.......
#.#.####.#y#####..##.......
#.#......#@# ####.##.......
#.######.#####......######.
#..........................
##########.......###...####
#.......# ###..## #.......#
##..## #.....(.# ##...
######### ###. ##


You could see a killer bee (very poisoned).

Vanquished Creatures
  2 water moccasins
  An orc warrior (D:5)
  An ice beast (D:6)
  2 black bears
  An ogre (D:6)
  A phantom (D:6)
  A necrophage (D:5)
  3 scorpions
  A bullfrog (D:6)
  A killer bee (D:6)
  3 jellies
  A hound (D:5)
  A gnoll bouda (D:4)
  Jessica (D:2)
  2 iguanas (D:5)
  14 gnolls
  9 adders
  A shadow imp (D:6)
  A white imp (D:6)
  An ufetubus (D:6)
  2 dart slugs
  13 orcs
  8 endoplasms
  3 giant cockroaches
  9 hobgoblins
  4 jackals (D:1)
  6 kobolds
  5 quokkas
  6 ball pythons
  8 bats
  3 frilled lizards
  7 goblins
  4 rats
126 creatures vanquished.

Vanquished Creatures (others)
  119 foxfires
119 creatures vanquished.

Grand Total: 245 creatures vanquished

Notes
Turn   | Place    | Note
-------+----------+-------------------------------------------
     0 | D:5      | drugrobin the Demigod Delver began the quest for the Orb.
     0 | D:5      | Reached XP level 1. HP: 18/18 MP: 3/3
     6 | D:5      | Noticed an iguana
    13 | D:5      | Noticed a gnoll bouda
    13 | D:5      | Noticed a water moccasin
    26 | D:5      | Noticed an iguana
    30 | D:5      | Noticed a scorpion
    36 | D:5      | Noticed a hound
   137 | D:2      | Noticed Jessica
   497 | D:1      | Reached skill level 2 in Unarmed Combat
   542 | D:1      | Reached XP level 2. HP: 24/25 MP: 4/4
   954 | D:1      | Reached skill level 3 in Unarmed Combat
   954 | D:1      | Reached XP level 3. HP: 28/30 MP: 5/5
  1639 | D:2      | Identified the +5 spear "Weotsoss" {holy, Drain rF+++
                  | Str+5}
  1757 | D:2      | Got Plato's Discourse on Pyromania
  2053 | D:2      | Reached XP level 4. HP: 35/37 MP: 6/6
  2587 | D:1      | Reached skill level 4 in Unarmed Combat
  2941 | D:2      | Killed Jessica
  3042 | D:3      | Learned a level 1 spell: Foxfire
  3169 | D:3      | Reached XP level 5. HP: 38/44 MP: 5/7
  3304 | D:3      | Learned a level 2 spell: Blink
  3424 | D:3      | Killed a water moccasin
  3425 | D:3      | Reached skill level 5 in Unarmed Combat
  3983 | D:4      | Reached XP level 6. HP: 50/50 MP: 8/8
  4299 | D:4      | Reached skill level 6 in Unarmed Combat
  4494 | D:4      | Noticed a cacodemon
  4497 | D:4      | Noticed a neqoxec
  4497 | D:4      | Noticed a smoke demon
  4634 | D:4      | Noticed a water moccasin
  4665 | D:4      | Killed a water moccasin
  4944 | D:4      | Reached skill level 7 in Unarmed Combat
  5237 | D:4      | Reached XP level 7. HP: 51/56 MP: 6/9
  5652 | D:5      | Reached skill level 8 in Unarmed Combat
  6178 | D:6      | Learned a level 3 spell: Stone Arrow
  6377 | D:6      | Reached skill level 9 in Unarmed Combat
  6377 | D:6      | Reached skill level 1 in Earth Magic
  6377 | D:6      | Reached XP level 8. HP: 54/62 MP: 5/10
  7305 | D:6      | Slain by a killer bee

Illustrated notes

Levels and vault maps discovered:
D:1:      elethiomel_arrival_shortcut, layout_basic, serial_aquarium,
          aquarium_bridge_square [aquarium_subvault_bridge,
          aquarium_subvault_balcony, aquarium_subvault_balcony,
          aquarium_subvault_bridge], aquarium_bridge_straight
          [aquarium_subvault_bridge, aquarium_subvault_wall,
          aquarium_subvault_bridge, aquarium_subvault_balcony],
          aquarium_window_fake, aquarium_window_1, aquarium_view_2f,
          aquarium_pool_2
D:2:      layout_basic, shapermc_ecumenical_altar_rom_forum, uniq_jessica
D:3:      layout_rooms, okawaru_gym_becter, chequers_serial_rivers_room_b
D:4:      minmay_octagon_keep, layout_basic, makhleb_altar_promises_db,
          mainiacjoe_overflow_boulevard
D:5:      layout_basic, kennysheep_nub, minmay_small_thing
D:6:      layout_basic, nicolae_overflow_hallway_of_the_gods
D:7:      layout_rooms, minmay_temple_entry_metal_lava, uniq_maggie

Skill      XL: |  1  2  3  4  5  6  7  8 |
---------------+-------------------------+-----
Dodging        | 2 |  2.0
Unarmed Combat | 2 3 4 5 7 9 |  9.4
Earth Magic    | 1 2 |  2.8
Fighting       | 3 |  3.6
Stealth        | |  4.6

Action                   |  1- 3 |  4- 6 |  7- 9 || total
-------------------------+-------+-------+-------++-------
Melee: Unarmed           |    74 |   190 |    74 ||   338
       Punch             |     8 |    13 |     5 ||    26
       Dagger            |    81 |     4 |    44 ||   129
 Fire: Sling             |       |     7 |       ||     7
Throw: Dart              |       |     1 |     7 ||     8
 Cast: Foxfire           |       |    37 |    36 ||    73
       Blink             |       |     2 |     2 ||     4
       Stone Arrow       |       |       |     3 ||     3
Evoke: Wand              |       |     1 |       ||     1
  Use: Potion            |     3 |       |     1 ||     4
       Scroll            |     2 |       |       ||     2
 Stab: Sleeping          |     8 |       |     2 ||    10
Armor: Leather armour    |    48 |     4 |       ||    52
       Robe              |       |    16 |    21 ||    37
       Chain mail        |       |    25 |    11 ||    36
Dodge: Dodged            |    86 |    88 |    61 ||   235
Block: Other             |     9 |    38 |    26 ||    73
       Reflection        |       |     1 |       ||     1

Table legend: (Time is in decaauts)
 A = Elapsed time spent in this place.
 B = Non-inter-level travel time spent in this place.
 C = Inter-level travel time spent in this place.
 D = Time resting spent in this place.
 E = Time spent auto-exploring this place.
 F = Levels seen in this place.
 G = Mean time per level.
                   A        B        C        D        E       F      G
               +--------+--------+--------+--------+--------+-----+--------+
         Total |   7259 |   6702 |    557 |    784 |   3990 |   7 | 1037.0 |
       Dungeon |   7259 |   6702 |    557 |    784 |   3990 |   7 | 1037.0 |
               +--------+--------+--------+--------+--------+-----+--------+

Top non-repeatable levels by time:
     D:1: 1673 daAuts
     D:2: 1309 daAuts
     D:6: 1285 daAuts
     D:4: 1178 daAuts
     D:5: 1032 daAuts
     D:3: 777 daAuts
     D:7: 2 daAuts
